 Dungeon Crawl Stone Soup version 0.29-a0-509-g793eeb5391 (webtiles) character file.

Game seed: 7425951960745879079

1178 27snakeeyes612 the Skirmisher (level 8, -4/71 HPs)
             Began as a Minotaur Berserker on May 29, 2022.
             Was a Priest of Trog.
             Slain by an ogre
             ... wielding a +0 giant club
              (28 damage)
             ... on level 6 of the Dungeon.
             The game lasted 00:04:00 (5918 turns).

27snakeeyes612 the Skirmisher (Minotaur Berserker)  Turns: 5918, Time: 00:04:01

Health: -4/71      AC: 12    Str: 23    XL:     8   Next: 18%
Magic:  7/7        EV: 12    Int: 10    God:    Trog [***...]
Gold:   268        SH:  0    Dex: 13    Spells: 7/7 levels left

rFire   + . .      SeeInvis .   i - +0 war axe (elec)
rCold   + + .      Faith    .   (no shield)
rNeg    . . .      Spirit   .   y - +2 scale mail {rC+}
rPois   .          Reflect  .   v - +1 hat
rElec   +          Harm     .   q - +1 cloak
rCorr   .          Rampage  .   (no gloves)
Will    +....                   (no boots)
Stlth   ..........              (no amulet)
HPRegen 0.21/turn               d - ring "Voppy" {rElec rF+ rC+ Will+ Dex+2}
MPRegen 0.10/turn               o - +6 ring of intelligence

@: no status effects
A: horns 2, retaliatory headbutt
a: Renounce Religion, Berserk, Trog's Hand


You were on level 6 of the Dungeon.
You worshipped Trog.
Trog was most pleased with you.
You visited 1 branch of the dungeon, and saw 6 of its levels.

You collected 268 gold pieces.

Inventory:

Hand Weapons
 a - a +1 hand axe
 i - a +0 war axe of electrocution (weapon)
Armour
 b - a +0 animal skin
 c - a +0 ring mail
 m - a +0 scale mail
 q - a +1 cloak (worn)
 v - a +1 hat (worn)
 y - a +2 scale mail of cold resistance (worn)
Jewellery
 d - the ring "Voppy" (left hand) {rElec rF+ rC+ Will+ Dex+2}
   (You acquired it on level 2 of the Dungeon)

   [ring of willpower]

   Dex:       It affects your dexterity (+2).
   rF:        It protects you from fire.
   rC:        It protects you from cold.
   rElec:     It insulates you from electricity.
   Will:      It increases your willpower.
 o - a +6 ring of intelligence (right hand)
 x - a ring of protection from cold
 z - a +6 ring of dexterity
Scrolls
 f - 2 scrolls of blinking {unknown}
 h - 5 scrolls of teleportation
 l - 6 scrolls of identify
 r - a scroll of vulnerability {unknown}
 u - a scroll of immolation {unknown}
Potions
 e - a potion of flight
 g - a potion of heal wounds {unknown}
 j - 5 potions of mutation {unknown}
 k - a potion of invisibility {unknown}
 n - 2 potions of lignification {unknown}
 p - a potion of degeneration {unknown}
 s - a potion of haste {unknown}
 t - a potion of might {unknown}
 w - 2 potions of curing
 A - a potion of cancellation {unknown}


   Skills:
 + Level 6.9 Fighting
 + Level 6.8 Axes
 + Level 6.2 Armour
 + Level 5.7 Dodging


You had 7 spell levels left.
You didn't know any spells.
Your spell library was empty.

Dungeon Overview and Level Annotations

Branches:
Dungeon (6/15)             Temple (0/1) D:4

Altars:
Vehumet
Xom
The Shining One

Shops:
D:4 *


Innate Abilities, Weirdness & Mutations

You have a pair of horns on your head.
You reflexively headbutt those who attack you in melee.


Message History

No target in view!
No target in view!
No target in view!
HP restored.
Things that are here:
a +0 hand axe; a +0 leather armour; an orc corpse
There is an open door here.
You open the door.
Found a helmet.
There is an open door here.
You open the door.
There is an open door here.
An ogre comes into view. It is wielding a +0 giant club.
The ogre shouts!
You see here a wand of mindburst (8).
An ogre is nearby!
The ogre hits you with a +0 giant club!
You slash the ogre!
The ogre is heavily wounded.
The ogre hits you with a +0 giant club!!
You are too injured to fight recklessly!
You are too injured to fight recklessly!
You are too injured to fight recklessly!
You are too injured to fight recklessly!
You are too injured to fight recklessly!
You are too injured to fight recklessly!
You are too injured to fight recklessly!
You are too injured to fight recklessly!
You are too injured to fight recklessly!
An ogre is nearby!
An ogre is nearby!
You completely miss the ogre. You headbutt the ogre.
The ogre is heavily wounded.
You barely miss the ogre.
The ogre is heavily wounded.
The ogre hits you with a +0 giant club!
You hit the ogre. You headbutt the ogre!
The ogre is almost dead.
The ogre hits you with a +0 giant club!!
You die...

###'###......#....#..
##....#......'....#..
#.....#......#....#..
+.....#...)..#...####
#.....#..)...#...####
#.../.#......#.......
##....#......#.......
#....#......#.......
#..@.#......#.......
#..O.#......#.......
#....#......#.......
#....#......#...####
#....#......#...####
#....#......'...#...
#....#..[...#...#...
#....#......#...'...
#......#...#...


You could see an ogre.

Vanquished Creatures
  Duvessa (D:6)
  An ice beast (D:5)
  2 ogres
  A bullfrog (D:6)
  4 scorpions
  Dowan (D:6)
  A howler monkey (D:3)
  3 hounds
  A jelly (D:6)
  An orc priest (D:4)
  A gnoll shaman (D:6)
  An orc wizard (D:4)
  4 gnolls (D:6)
  8 adders
  A white imp (D:4)
  An ufetubus (D:5)
  2 worms
  3 dart slugs
  5 orcs
  9 ball pythons
  8 bats
  10 endoplasms
  4 giant cockroaches
  10 goblins
  7 hobgoblins
  6 jackals
  5 quokkas
  A frilled lizard (D:1)
  12 kobolds
  11 rats
125 creatures vanquished.

Notes
Turn   | Place    | Note
-------+----------+-------------------------------------------
     0 | D:1      | 27snakeeyes612 the Minotaur Berserker began the quest for
                  | the Orb.
     0 | D:1      | Reached XP level 1. HP: 19/19 MP: 0/0
   292 | D:1      | Found a faded altar of an unknown god.
   296 | D:1      | Reached XP level 2. HP: 25/27 MP: 1/1
   918 | D:1      | Reached XP level 3. HP: 33/33 MP: 2/2
  1112 | D:2      | Reached ** piety under Trog
  1579 | D:2      | Reached XP level 4. HP: 18/41 MP: 3/3
  2267 | D:2      | Identified a scroll of acquirement
  2267 | D:2      | Acquired the ring "Voppy" {rElec rF+ rC+ Will+ Dex+2}
  2690 | D:3      | Reached XP level 5. HP: 43/47 MP: 4/4
  3229 | D:4      | Found a shimmering altar of Xom.
  3258 | D:4      | Reached *** piety under Trog
  3505 | D:4      | Noticed an ogre
  3508 | D:4      | Killed an ogre
  3509 | D:4      | Reached skill level 5 in Fighting
  3509 | D:4      | Reached skill level 5 in Axes
  3509 | D:4      | Reached XP level 6. HP: 56/56 MP: 5/5
  3840 | D:4      | Found Qixebam's Fire Supplies.
  3881 | D:4      | Found a staircase to the Ecumenical Temple.
  4216 | D:5      | Entered Level 5 of the Dungeon
  4216 | D:5      | Noticed an ice beast
  4228 | D:5      | Killed an ice beast
  4420 | D:5      | Reached skill level 5 in Armour
  4420 | D:5      | Reached XP level 7. HP: 43/62 MP: 6/6
  4700 | D:5      | Found a radiant altar of Vehumet.
  4702 | D:5      | Found a glowing golden altar of the Shining One.
  5265 | D:6      | Reached skill level 5 in Dodging
  5590 | D:6      | Noticed Duvessa
  5592 | D:6      | Noticed Dowan
  5601 | D:6      | Reached XP level 8. HP: 47/71 MP: 7/7
  5603 | D:6      | Killed Duvessa
  5608 | D:6      | Killed Dowan
  5918 | D:6      | Slain by an ogre

Illustrated notes

Levels and vault maps discovered:
D:1:      dpeg_arrival_prison, layout_basic, chequers_ecumenical_altar_island
D:2:      layout_loops_corners, kennysheep_potato
D:3:      layout_basic
D:4:      minmay_razor_zed, layout_basic, mainiacjoe_overflow_24_doors,
          minmay_temple_entry_proselytizer, dk_noncrumbling_3,
          dreamdust_princess_bridge, minivault_14, nicolae_shop_fire_sale
          [nicolae_sub_dead_trees], hangedman_abyss_or_decor_lesser_grid
D:5:      layout_gridville, nicolae_overflow_hidden_temple
D:6:      minmay_chambers_of_sixes, layout_gridville, uniq_duvessa

Skill      XL: |  1  2  3  4  5  6  7 |
---------------+----------------------+-----
Fighting       | 4 5 6 |  6.9
Axes           | 4 5 6 |  6.8
Armour         | 3 4 5 6 |  6.2
Dodging        | 3 4 5 |  5.7

Action                   |  1- 3 |  4- 6 |  7- 9 || total
-------------------------+-------+-------+-------++-------
Melee: Hand axe          |    79 |    29 |       ||   108
       Headbutt          |     9 |    21 |     7 ||    37
       War axe           |       |    92 |    48 ||   140
       Punch             |       |     1 |       ||     1
Invok: Berserk           |       |     1 |     1 ||     2
  Use: Scroll            |       |     5 |       ||     5
Armor: Ring mail         |    13 |       |       ||    13
       Animal skin       |     2 |       |       ||     2
       Scale mail        |     9 |    59 |    20 ||    88
Dodge: Dodged            |    40 |    72 |    37 ||   149

Table legend: (Time is in decaauts)
 A = Elapsed time spent in this place.
 B = Non-inter-level travel time spent in this place.
 C = Inter-level travel time spent in this place.
 D = Time resting spent in this place.
 E = Time spent auto-exploring this place.
 F = Levels seen in this place.
 G = Mean time per level.
                   A        B        C        D        E       F      G
               +--------+--------+--------+--------+--------+-----+--------+
         Total |   5981 |   5811 |    170 |    267 |   4801 |   6 |  996.8 |
       Dungeon |   5981 |   5811 |    170 |    267 |   4801 |   6 |  996.8 |
               +--------+--------+--------+--------+--------+-----+--------+

Top non-repeatable levels by time:
     D:2: 1192 daAuts
     D:4: 1122 daAuts
     D:1: 1111 daAuts
     D:5: 1002 daAuts
     D:3: 834 daAuts
     D:6: 718 daAuts
